AoeStats
← 体制少妇白洁

Socotra

505890471Analyzed
4v4 RM · 20d ago on Sep 11, 2026· 26m 25s· 8 players
Game mode
Random Map
Map size
148×148
Population
200
Speed
Normal
Resources
Standard
Victory
Conquest
Starting age
Dark Age
Ending age
Imperial Age
RankedLock teamsTeams togetherTeam positionsShared explorationLock speedFull tech treeHidden civsTurbo modeCheats
Victory
Defeat
🇭🇰 Magyars · Hong Kong SAR China
1530
+13
🇨🇳 Armenians · China
1507
+14
🇭🇰 Maya · Hong Kong SAR China
1497
+14
🇨🇳 Muisca · China
1412
+19
🇫🇷 Mongols · France
1481
-16
🇨🇳 Magyars · China
1480
-16
🇳🇴 Italians · Norway
1465
-15
🇧🇪 Britons · Belgium
1414
-13
berber.sinan
7:06 Loom
9:44 Feudal Age
10:17 Double-Bit Axe
10:14 Horse Collar
16:20 Forging
16:59 Scale Barding Armor
17:44 Bloodlines
18:28 Bloodlines
21:15 Castle Age
19:36 Fletching
20:22 Bloodlines
20:51 Gold Mining
22:15 Wheelbarrow
22:40 Bodkin Arrow
25:32 Padded Archer Armor
Snavle
3:40 Loom
10:21 Feudal Age
12:11 Double-Bit Axe
20:01 Fletching
24:31 Castle Age
22:50 Padded Archer Armor
23:13 Horse Collar
24:37 Crossbowman
25:53 Bow Saw
Zanderhino
7:14 Loom
9:11 Feudal Age
9:57 Double-Bit Axe
16:50 Horse Collar
17:42 Fletching
19:13 Padded Archer Armor
23:07 Castle Age
21:23 Gold Mining
24:21 Bodkin Arrow
Hash-
6:19 Loom
8:26 Feudal Age
9:13 Double-Bit Axe
15:49 Scale Barding Armor
19:15 Wheelbarrow
18:42 Horse Collar
19:48 Bloodlines
24:08 Castle Age
24:23 Gold Mining
25:25 Chain Barding Armor
勤奮的兔兔
0:25 Loom
9:55 Feudal Age
10:49 Double-Bit Axe
13:56 Fletching
16:24 Wheelbarrow
23:05 Castle Age
21:00 Horse Collar
21:34 Gold Mining
21:59 Padded Archer Armor
23:52 Bodkin Arrow
23:17 Crossbowman
25:50 Bow Saw
27:03 Leather Archer Armor
体制少妇白洁
6:03 Loom
8:52 Feudal Age
9:49 Double-Bit Axe
10:17 Horse Collar
17:57 Bloodlines
18:44 Scale Barding Armor
21:15 Wheelbarrow
24:27 Castle Age
24:29 Light Cavalry
25:10 Husbandry
25:31 Chain Barding Armor
YiTiaoQu
6:52 Loom
9:02 Feudal Age
9:34 Double-Bit Axe
15:29 Scale Barding Armor
17:18 Forging
19:45 Bloodlines
20:55 Wheelbarrow
24:07 Castle Age
23:40 Gold Mining
24:09 Light Cavalry
24:50 Husbandry
25:15 Chain Barding Armor
25:18 Bow Saw
26:22 Horse Collar
cookie tin
6:06 Loom
12:08 Feudal Age
14:19 Town Watch
14:22 Double-Bit Axe
16:50 Fletching
21:16 Castle Age
19:40 Padded Archer Armor
20:15 Gold Mining
21:54 Bodkin Arrow
21:31 Crossbowman
24:08 Wheelbarrow
Connection lost

Rejoining the realm…

Still unreachable

The connection could not be restored.

Session expired

The server has moved on; the page needs a fresh start.